 Dungeon Crawl Stone Soup version 0.21.0-3-g78d12a8 (webtiles) character file.

2557 MTVSty1e the Transmogrifier (level 9, 0/79 HPs)
             Began as a Black Draconian Transmuter on Jan 12, 2018.
             Was a Follower of Makhleb.
             Slain by ZomBoFoB's ghost (5 damage)
             ... on level 7 of the Dungeon.
             The game lasted 00:20:27 (8114 turns).

MTVSty1e the Transmogrifier (DrTm)                  Turns: 8114, Time: 00:20:28

Health: 0/79       AC:  7    Str: 14    XL:     9   Next: 31%
Magic:  7/12       EV: 12    Int: 14    God:    Makhleb [*.....]
Gold:   176        SH:  0    Dex: 13    Spells: 3/12 levels left

rFire    . . .     SeeInvis .     - Unarmed
rCold    . . .     Gourm    .   (shield currently unavailable)
rNeg     . . .     Faith    .   (armour unavailable)
rPois    .         Spirit   .   (helmet restricted)
rElec    +         Reflect  .   (no cloak)
rCorr    .         Harm     .   (gloves currently unavailable)
MR       .....                  (no boots)
Stlth    +.........             (no amulet)
HPRegen  0.23/turn              (no ring)
MPRegen  0.13/turn              (no ring)

@: lethally poisoned (0 -> -11), short of breath, blade hands
A: breathe lightning, unfitting armour, horns 1, electricity resistance,
cold-blooded, AC +7
a: Breathe Lightning, End Transformation, Renounce Religion


You were on level 7 of the Dungeon.
You worshipped Makhleb.
Makhleb was aware of your devotion.
You were hungry.
You had blades for hands.
You visited 2 branches of the dungeon, and saw 8 of its levels.

You collected 176 gold pieces.

Inventory:

Hand Weapons
 e - a +1 short sword of freezing (melded)
Missiles
 a - 123 arrows
Jewellery
 i - an uncursed amulet of harm
Wands
 b - a wand of paralysis (15)
 c - a wand of flame (29)
 p - a wand of enslavement (14)
Scrolls
 d - a scroll of enchant weapon
 k - a scroll of identify
 n - 2 scrolls of amnesia
 o - a scroll of remove curse
Potions
 f - a potion of resistance
 g - 2 potions of flight
 h - a potion of cancellation
 j - 2 potions of heal wounds
 l - a potion of haste
Comestibles
 m - a ration


   Skills:
 + Level 7.3 Fighting
 - Level 1.7 Dodging
 * Level 6.7 Unarmed Combat
 + Level 2.0 Spellcasting
 + Level 9.2 Transmutations


You had 3 spell levels left.
You knew the following spells:

 Your Spells              Type           Power        Failure   Level  Hunger
a - Beastly Appendage     Tmut           ####..       12%         1    ##.....
b - Spider Form           Tmut/Pois      ##........   47%         3    ####...
c - Blade Hands           Tmut           ####......   56%         5    ######.


Dungeon Overview and Level Annotations

Branches:
Dungeon (7/15)             Temple (1/1) D:4

Altars:
Ashenzari
Cheibriados
Dithmenos
Elyvilon
Fedhas
Gozag
Hepliaklqana
Makhleb
Nemelex Xobeh
Okawaru
Qazlal
Ru
Trog
Uskayaw
Wu Jian
Xom
Yredelemnul
Zin
The Shining One

Shops:
D:6 (

Annotations:
D:7 ZomBoFoB's ghost, novice OgGl


Innate Abilities, Weirdness & Mutations

You can breathe wild blasts of lightning.
Your glossy black scales are hard. (AC +7)
You cannot fit into any form of body armour.
You are resistant to electric shocks. (rElec)
You are cold-blooded and may be slowed by cold attacks.
You have a pair of small horns on your head.


Message History

You breathe a wild blast of lightning!
The zap hits the orc.
You kill the orc!
Makhleb accepts your kill.
The orb of electricity explodes! x2; You feel somewhat more hungry.
The orc priest hits you but does no damage.
You are poisoned.
ZomBoFoB's ghost barely misses you.
You slice ZomBoFoB's ghost!!
ZomBoFoB's ghost is heavily damaged.
You feel sick.
The orc priest hits you but does no damage.
You are more poisoned.
ZomBoFoB's ghost hits you! ZomBoFoB's ghost burns you!
You are too injured to fight recklessly!
You feel sick. The orc priest closely misses you.
ZomBoFoB's ghost stares at you. ZomBoFoB's ghost hits you!!
* * * LOW HITPOINT WARNING * * *
ZomBoFoB's ghost burns you.
You die...

### .... ##.## .....
##...## ..... ###.###.##
.....###..## ##.##
#.........## ##.##
#.......).### ##.# #
#..#....o@..## ### ##
##.##...[W....#### .###
#..###.####......#
...####..###..#####..###
..........(.........##
......W..........#..#
..#.............##..#
.o..............##.##
o.#..........##....#


You could see an orc priest and ZomBoFoB's ghost.

Vanquished Creatures
  The ghost of p0werm0de the Chopper, a novice DDFi of Makhleb (D:6)
  The ghost of newuser the Poker, an amateur OpAK of Lugonu (D:5)
  Edmund (D:6)
  An ice beast (D:6)
  3 sky beasts
  4 ogres
  2 phantoms
  2 centaurs (D:6)
  3 scorpions
  A howler monkey (D:4)
  3 crimson imps
  A quasit (D:5)
  2 hounds
  2 orc priests (D:4)
  A bullfrog skeleton (D:4)
  Terence (D:2)
  2 iguanas
  An orc wizard (D:7)
  2 worker ants
  3 gnolls (D:6)
  2 howler monkey skeletons (D:4)
  A worker ant zombie (D:7)
  8 adders
  A shadow imp (D:3)
  An ooze (D:1)
  2 adder skeletons
  2 worms
  A dart slug (D:1)
  4 leopard geckos
  16 orcs
  9 bats
  5 giant cockroaches
  6 goblins
  5 hobgoblins
  4 jackals (D:2)
  11 kobolds
  4 quokkas
  7 frilled lizards
  A quokka zombie (D:6)
  8 rats
135 creatures vanquished.

Notes
Turn   | Place    | Note
-------+----------+-------------------------------------------
     0 | D:1      | MTVSty1e the Draconian Transmuter began the quest for the Orb.
     0 | D:1      | Reached XP level 1. HP: 16/16 MP: 3/3
   446 | D:1      | Reached XP level 2. HP: 19/23 MP: 3/5
  1175 | D:2      | Reached XP level 3. HP: 19/29 MP: 6/6
  1622 | D:2      | Learned a level 3 spell: Spider Form
  2288 | D:2      | Reached XP level 4. HP: 36/36 MP: 7/7
  2679 | D:2      | Noticed Terence
  2697 | D:2      | Killed Terence
  2944 | D:3      | Found an iron altar of Okawaru.
  2947 | D:3      | Found a shadowy altar of Dithmenos.
  2947 | D:3      | Found a stormy altar of Qazlal.
  2951 | D:3      | Found an opulent altar of Gozag.
  2989 | D:3      | Reached skill level 3 in Transmutations
  3005 | D:3      | Found a white marble altar of Elyvilon.
  3241 | D:3      | Reached XP level 5. HP: 42/42 MP: 4/8
  3794 | D:4      | Noticed a phantom
  3851 | D:3      | Killed a phantom
  3851 | D:3      | Reached skill level 5 in Unarmed Combat
  3851 | D:3      | Reached XP level 6. HP: 12/51 MP: 1/9
  4078 | D:3      | Gained mutation: You have a pair of small horns on your head. [potion of mutation]
  4078 | D:3      | Gained mutation: You are resistant to electric shocks. (rElec) [potion of mutation]
  4110 | D:4      | Learned a level 5 spell: Blade Hands
  4349 | D:4      | Reached skill level 4 in Transmutations
  4587 | D:4      | Your scales start taking on a glossy black colour.
  4587 | D:4      | Reached XP level 7. HP: 56/59 MP: 3/10
  4587 | D:4      | Mutation became permanent: You are resistant to electric shocks. (rElec) [Black Draconian growth]
  4587 | D:4      | Gained mutation: You are resistant to electric shocks. (rElec) [Black Draconian growth]
  4709 | D:4      | Found a staircase to the Ecumenical Temple.
  4722 | Temple   | Entered the Ecumenical Temple
  4783 | Temple   | Became a worshipper of Makhleb the Destroyer
  4840 | D:5      | Entered Level 5 of the Dungeon
  4842 | D:5      | Found a sacrificial altar of Ru.
  4892 | D:4      | Reached skill level 5 in Transmutations
  5478 | D:5      | Reached skill level 5 in Fighting
  5655 | D:5      | Reached skill level 6 in Transmutations
  5716 | D:5      | Noticed newuser's ghost (amateur OpAK)
  5734 | D:5      | Killed newuser's ghost
  5734 | D:5      | Reached XP level 8. HP: 41/69 MP: 8/11
  6202 | D:5      | Reached skill level 7 in Transmutations
  6483 | D:5      | Found a glowing golden altar of the Shining One.
  6784 | D:6      | Found Sipuunyr's Weapon Shoppe.
  6822 | D:6      | Noticed Edmund
  6828 | D:6      | Killed Edmund
  6833 | D:6      | Reached skill level 8 in Transmutations
  6845 | D:6      | Reached * piety under Makhleb
  6846 | D:6      | Noticed p0werm0de's ghost (novice DDFi)
  7045 | D:6      | Killed p0werm0de's ghost
  7045 | D:6      | Reached XP level 9. HP: 44/78 MP: 6/12
  7437 | D:6      | Paralysed by a centaur for 3 turns
  7441 | D:6      | Reached skill level 9 in Transmutations
  7960 | D:7      | Noticed ZomBoFoB's ghost (novice OgGl)
  8114 | D:7      | Slain by ZomBoFoB's ghost

Skill      XL: |  1  2  3  4  5  6  7  8  9 |
---------------+----------------------------+-----
Fighting       | 2 3 4 5 6 7 |  7.3
Unarmed Combat | 4 5 6 |  6.7
Transmutations | 3 4 6 8 9 |  9.2
Dodging        | |  1.7
Spellcasting   | |  2.0

Action                   |  1- 3 |  4- 6 |  7- 9 || total
-------------------------+-------+-------+-------++-------
Melee: Short sword       |   156 |   177 |   168 ||   501
       Tailslap          |    15 |    22 |    22 ||    59
       Unarmed           |     2 |    29 |    83 ||   114
       Headbutt          |     3 |    13 |    34 ||    50
       Punch             |     1 |     2 |     8 ||    11
       Kick              |     3 |     7 |     3 ||    13
 Cast: Beastly Appendage |     6 |     4 |     1 ||    11
       Spider Form       |       |     5 |     6 ||    11
       Blade Hands       |       |       |    10 ||    10
 Abil: Breathe Lightning |       |       |    10 ||    10
       End Transformatio |       |       |     1 ||     1
  Use: Scroll            |     5 |     4 |     6 ||    15
       Potion            |     2 |     3 |       ||     5
 Stab: Sleeping          |       |     1 |       ||     1
  Eat: Ration            |     1 |     2 |     3 ||     6
       Chunk             |     1 |     2 |     8 ||    11
Armor: Skin              |    56 |    67 |   102 ||   225
Dodge: Dodged            |   112 |   120 |   190 ||   422
